 Dungeon Crawl Stone Soup version 0.21-a0-195-gc079aee (webtiles) character file.

361 Helio the Covert (level 6, 0/28 HPs)
             Began as a Spriggan Enchanter on Aug 15, 2017.
             Slain by Duvessa
             ... wielding a +5 short sword of draining
              (5 damage)
             ... on level 4 of the Dungeon.
             The game lasted 00:12:53 (5254 turns).

Helio the Covert (Spriggan Enchanter)               Turns: 5254, Time: 00:12:55

Health: 0/28       AC:  3    Str:  5    XL:     6   Next: 38%
Magic:  13/22      EV: 17    Int: 17    God:
Gold:   18         SH:  0    Dex: 17    Spells: 5/14 levels left

rFire    . . .     SeeInvis +   a - +2 dagger
rCold    + . .     Gourm    .   (shield restricted)
rNeg     . . .     Faith    .   b - +0 robe
rPois    .         Spirit   .   (helmet restricted)
rElec    .         Reflect  .   q - +0 cloak
rCorr    .         Harm     .   (gloves unavailable)
MR       +....                  (boots unavailable)
Stlth    ++++......             (no amulet)
HPRegen  0.09/turn              k - ring of protection from cold
MPRegen  0.18/turn              p - ring of magical power

@: very slightly contaminated, drained, very quick
A: unfitting armour, see invisible, herbivore 3, speed 3, slow metabolism 2
a: no special abilities


You were on level 4 of the Dungeon.
You were not hungry.

You visited 1 branch of the dungeon, and saw 4 of its levels.

You collected 106 gold pieces.
You spent 88 gold pieces at shops.

Inventory:

Hand Weapons
 a - a +2 dagger (weapon)
Missiles
 e - 2 throwing nets (quivered)
Armour
 b - a +0 robe (worn)
 q - a +0 cloak (worn)
Jewellery
 i - an uncursed amulet of guardian spirit {unknown}
 k - a ring of protection from cold (left hand)
 p - a ring of magical power (right hand)
Wands
 r - a wand of polymorph (11/24)
 u - a wand of paralysis (6/24)
Scrolls
 f - 2 scrolls of amnesia
Potions
 d - a potion of heal wounds
 g - a potion of ambrosia
 h - 2 potions of resistance
 j - a potion of haste
 m - a potion of flight {unknown}
 o - a potion of mutation {unknown}
 s - a potion of might
 t - a potion of agility
Books
 c - a book of Maledictions

   Spells                             Type                      Level
   a - Corona                         Hexes                        1
   b - Ensorcelled Hibernation        Hexes/Ice                    2
   c - Confuse                        Hexes                        3
   d - Tukima's Dance                 Hexes                        3
   e - Dazzling Spray                 Conjuration/Hexes            3
Comestibles
 l - 3 bread rations
 n - a royal jelly


   Skills:
 - Level 1.1(0.2) Short Blades
 - Level 3.0(2.1) Dodging
 + Level 9.0(8.0) Stealth
 - Level 4.5(3.6) Spellcasting
 - Level 5.0(4.0) Hexes


You had 5 spell levels left.
You knew the following spells:

 Your Spells              Type           Power        Failure   Level  Hunger
a - Ensorcelled Hibernat  Hex/Ice        ##....       11%         2    ##.....
b - Corona                Hex            ###....      3%          1    None
c - Confuse               Hex            ###.....     9%          3    ###....
d - Tukima's Dance        Hex            ###.....     9%          3    ###....


Dungeon Overview and Level Annotations

Branches:
Dungeon (4/15)
 Temple: D:4-7

Altars:
Ashenzari
Nemelex Xobeh
Uskayaw

Shops:
D:4 !

Annotations:
D:4 Dowan, Duvessa


Innate Abilities, Weirdness & Mutations

You are very small and have problems with some larger weapons.
You are too small for most types of armour.
You have supernaturally acute eyesight. (SInv)
You are a herbivore.
You cover ground extremely quickly.
You need consume almost no food.


Message History

Aim: Duvessa, wielding a short sword of draining and wearing a ring mail (chance to defeat MR: 31%) Duvessa easily resists.
Duvessa closely misses you.
Casting: Confuse
Confirm with . or Enter, or press ? or * to list all spells.
Aiming: Confuse
Press: ? - help, Shift-Dir - straight line, f/p - Duvessa
Aim: Duvessa, wielding a short sword of draining and wearing a ring mail (chance to defeat MR: 31%) Duvessa easily resists.
Duvessa closely misses you.
Casting: Confuse
Confirm with . or Enter, or press ? or * to list all spells.
Aiming: Confuse
Press: ? - help, Shift-Dir - straight line, f/p - Duvessa
Aim: Duvessa, wielding a short sword of draining and wearing a ring mail (chance to defeat MR: 31%)
You miscast Confuse.
You are very lightly contaminated with residual magic.
You feel off-balance for a moment.
Duvessa hits you with a short sword of draining!
* * * LOW HITPOINT WARNING * * *
You feel drained.
You die...

#.....## ##..## ..
#....#.## ##..#
...#....#.# ##†#
...#... #.# #.#
......###.# #.#
#....##..# ###.####
.###......## #∩.....#
...[.......#####......#
#.####.@..............#
###e.....#.......#
#......#.......#
#.#..#.........#
#.##....<......#
..######.......# #.##
##......# #. ###.....#
.. .....#


You could see Duvessa.

Vanquished Creatures
  A scorpion (D:4)
  A hound (D:4)
  2 orc wizards (D:3)
  Crazy Yiuf (D:3)
  An orc priest (D:3)
  Jessica (D:2)
  Terence (D:3)
  A gnoll (D:2)
  3 adders
  An ooze (D:2)
  A worm (D:2)
  3 dart slugs (D:1)
  3 leopard geckos
  3 orcs (D:3)
  2 ball pythons
  4 giant cockroaches
  6 hobgoblins
  5 jackals
  11 kobolds
  10 bats
  6 frilled lizards
  3 goblins
  6 rats
76 creatures vanquished.

Notes
Turn   | Place    | Note
-------+----------+-------------------------------------------
     0 | D:1      | Helio the Spriggan Enchanter began the quest for the Orb.
     0 | D:1      | Reached XP level 1. HP: 9/9 MP: 5/5
   615 | D:1      | Reached XP level 2. HP: 8/13 MP: 7/7
   619 | D:1      | Learned a level 2 spell: Ensorcelled Hibernation
  1577 | D:1      | Reached XP level 3. HP: 16/16 MP: 9/9
  1582 | D:1      | Learned a level 3 spell: Confuse
  1586 | D:1      | Learned a level 3 spell: Tukima's Dance
  2924 | D:2      | Noticed Jessica
  2928 | D:2      | Killed Jessica
  2928 | D:2      | Reached skill level 5 in Hexes
  2928 | D:2      | Reached XP level 4. HP: 21/21 MP: 9/11
  3135 | D:2      | Found a sparkling altar of Nemelex Xobeh.
  3278 | D:2      | Reached skill level 5 in Stealth
  3387 | D:2      | Found a hide-covered altar of Uskayaw.
  3670 | D:3      | Reached skill level 6 in Stealth
  3670 | D:3      | Reached XP level 5. HP: 24/24 MP: 12/12
  4123 | D:3      | Reached skill level 7 in Stealth
  4193 | D:3      | Noticed Terence
  4203 | D:3      | Killed Terence
  4532 | D:3      | Found a shattered altar of Ashenzari.
  4773 | D:3      | Found a runed door.
  4777 | D:3      | Noticed Crazy Yiuf
  4791 | D:3      | Killed Crazy Yiuf
  4791 | D:3      | Reached skill level 8 in Stealth
  4791 | D:3      | Reached XP level 6. HP: 18/28 MP: 13/13
  4931 | D:4      | Found Raash's Distillery.
  4938 | D:4      | Bought a potion of might for 44 gold pieces
  4938 | D:4      | Bought a potion of agility for 44 gold pieces
  5008 | D:4      | Reached skill level 9 in Stealth
  5027 | D:4      | Noticed Duvessa
  5028 | D:4      | Noticed Dowan
  5254 | D:4      | Slain by Duvessa

Vault maps used:
D:1:      lemuel_arrival_broad_hall, serial_bayou_lagoon_b
D:2:      lemuel_round_altar, lemuel_round_altar, cheibrodos_gnoll_hut,
          uniq_jessica
D:3:      lemuel_doored_altar, first_bread, uniq_crazy_yiuf_cottage,
          uniq_terence
D:4:      kennysheep_little_box, temple_hall, serial_shops, shop, hex_tiny,
          nicolae_tso_besieged_by_evil, uniq_duvessa

Skill      XL: |  1  2  3  4  5  6 |
---------------+-------------------+-----
Spellcasting   | 3 4 |  4.5
Hexes          | 4 5 |  5.0
Stealth        | 6 8 9 |  9.0
Short Blades   | |  1.1
Dodging        | |  3.0

Action                   |  1- 3 |  4- 6 || total
-------------------------+-------+-------++-------
Melee: Dagger            |   118 |   134 ||   252
Throw: Throwing net      |     1 |       ||     1
 Cast: Corona            |    13 |       ||    13
       Ensorcelled Hiber |    26 |    20 ||    46
       Confuse           |       |    16 ||    16
  Use: Scroll            |     7 |     7 ||    14
 Stab: Sleeping          |    22 |    14 ||    36
       Confused          |       |     6 ||     6
  Eat: Bread ration      |     1 |       ||     1
       Royal jelly       |       |     1 ||     1
Armor: Robe              |    12 |     8 ||    20
Dodge: Dodged            |   122 |   110 ||   232
